 Dungeon Crawl Stone Soup version 0.22-a0-587-g7d32d7c (webtiles) character file.

50 robertstho the Shooter (level 3, -4/29 HPs)
             Began as a Centaur Hunter on July 3, 2018.
             Slain by an iguana (12 damage)
             ... on level 4 of the Dungeon.
             The game lasted 00:02:20 (1473 turns).

robertstho the Shooter (Centaur Hunter)             Turns: 1473, Time: 00:02:20

Health: -4/29      AC:  4    Str: 14    XL:     3   Next: 55%
Magic:  3/3        EV:  9    Int: 10    God:
Gold:   45         SH:  0    Dex: 10    Spells: 2/2 levels left

rFire    . . .     SeeInvis .   b - +0 short sword
rCold    . . .     Gourm    .   (no shield)
rNeg     . . .     Faith    .   c - +0 leather armour
rPois    .         Spirit   .   (no helmet)
rElec    .         Reflect  .   (no cloak)
rCorr    .         Harm     .   (no gloves)
MR       .....                  (no barding)
Stlth    +.........             (no amulet)
HPRegen  0.09/turn              (no ring)
MPRegen  0.08/turn              (no ring)

@: very quick
A: large, hooves 3, deformed body, speed 2, tough skin 3
a: no special abilities


You were on level 4 of the Dungeon.
You were not hungry.

You visited 1 branch of the dungeon, and saw 3 of its levels.

You collected 45 gold pieces.

Inventory:

Hand Weapons
 a - a +1 shortbow
 b - a +0 short sword (weapon)
Missiles
 n - 6 arrows
Armour
 c - a +0 leather armour (worn)
Jewellery
 i - a cursed -3 ring of intelligence {unknown}
 m - a +4 amulet of reflection {unknown}
Scrolls
 g - 3 scrolls of remove curse {unknown}
 h - a scroll of amnesia {unknown}
 k - a scroll of fear {unknown}
 l - a scroll of identify {unknown}
Potions
 d - a potion of brilliance {unknown}
 e - a potion of curing {unknown}
 j - a potion of ambrosia {unknown}
Comestibles
 f - 5 rations


   Skills:
 + Level 2.1 Fighting
 * Level 6.9 Bows
 + Level 0.1 Armour
 + Level 1.4 Dodging
 - Level 0.4 Stealth


You had 2 spell levels left.
You didn't know any spells.
Your spell library was empty.

Dungeon Overview and Level Annotations

Branches:
Dungeon (2/15)

Altars:
Qazlal

Annotations:
D:2 Sigmund


Innate Abilities, Weirdness & Mutations

You have hooves in place of feet.
Armour fits poorly on your strangely shaped body.
You cover ground very quickly.
You have extremely tough skin. (AC +3)


Message History

The shaft crumbles and collapses.
Found a ration.
f - 5 rations (gained 1)
An orc comes into view. It is wielding a mace.
The orc shouts!
You hear an angry hiss.
The orc throws a tomahawk.
The tomahawk hits you.
An iguana comes into view.
The orc throws a tomahawk.
The tomahawk barely misses you.
A worm comes into view.
The iguana hisses menacingly.
The iguana bites you! The orc hits you with a mace.
You are too injured to fight recklessly!
You are too injured to fight recklessly!
You are too injured to fight recklessly!
You are too injured to fight recklessly!
You hit the iguana but do no damage. You kick the iguana, but do no damage.
The iguana bites you.
* * * LOW HITPOINT WARNING * * *
The iguana bites you!
You die...

######...#####
########..............
#........####...######
####...####.# #####
#.........#.#
#.........#.#
#.........(.#
#..........####
#.###....##.ol@# w
############


You could see an iguana and an orc.

Vanquished Creatures
  An adder (D:2)
  3 dart slugs
  A leopard gecko (D:1)
  A ball python (D:2)
  2 giant cockroaches (D:2)
  5 goblins
  3 hobgoblins
  4 jackals (D:2)
  2 kobolds
  3 bats (D:1)
  A frilled lizard (D:1)
  5 rats
31 creatures vanquished.

Notes
Turn   | Place    | Note
-------+----------+-------------------------------------------
     0 | D:1      | robertstho the Centaur Hunter began the quest for the Orb.
     0 | D:1      | Reached XP level 1. HP: 17/17 MP: 1/1
   178 | D:1      | Reached XP level 2. HP: 24/24 MP: 2/2
   187 | D:1      | Reached skill level 6 in Bows
   906 | D:2      | Reached XP level 3. HP: 21/29 MP: 3/3
  1002 | D:2      | Found a stormy altar of Qazlal.
  1109 | D:2      | Noticed Sigmund
  1446 | D:2      | You fall through a shaft for 2 floors!
  1473 | D:4      | Slain by an iguana

Vault maps used:
D:1:      denvon_arrival_waterhouse, minivault_27
D:2:      nicolae_qazlal_eye_of_the_storm, first_ration, uniq_sigmund
D:4:      nicolae_overflow_hidden_temple, nicolae_ru_great_annihilating_truth,
          fedhas_altar_fruit_tree

Skill      XL: |  1  2 |
---------------+-------+-----
Bows           | 6 |  6.9
Fighting       | |  2.1
Armour         | |  0.1
Dodging        | |  1.4
Stealth        | |  0.4

Action                   || total
-------------------------++-------
Melee: Short sword       ||    13
       Kick              ||     1
 Fire: Shortbow          ||    71
Armor: Leather armour    ||     5
Dodge: Dodged            ||    24

Table legend:
 A = Spawn XP
 B = Non-spawn XP
 C = Spawn XP percentage of total XP
 D = Spawn monster count
 E = Non-spawn monster count
 F = Spawn count percentage of total count
 G = Total turns spent on level
                    A         B        C        D         E        F      G
               +---------+---------+-------+---------+---------+-------+---------
         Total |       0 |      72 |   0.0 |       0 |      31 |   0.0 |  1473
               +---------+---------+-------+---------+---------+-------+---------
           D:1 |       0 |      35 |   0.0 |       0 |      18 |   0.0 |   856
           D:2 |       0 |      37 |   0.0 |       0 |      13 |   0.0 |   590
               +---------+---------+-------+---------+---------+-------+---------
